[Event "Polish Youth 1st League 2022"]
[Site "Lublin"]
[Date "2022.07.01"]
[Round "7.2"]
[White "Nowak, Filip"]
[Black "Kozlowski, Franciszek"]
[Result "1/2-1/2"]
[ECO "C42"]
[WhiteElo "1819"]
[BlackElo "1607"]
[Annotator "NA RC"]
[PlyCount "109"]
[EventDate "2022.06.24"]
[EventType "team-tourn"]
[EventCountry "POL"]
[SourceTitle "playchess.com"]
[Source "ChessBase"]
[SourceQuality "1"]
[TimeControl "40/5400+30:1800+30"]

1. e4 e5 2. Nf3 Nf6 3. Nxe5 d6 4. Nf3 Nxe4 5. c4 Be7 6. d4 d5 7. Nc3 c6 8. Bd3 Nf6 9. O-O dxc4 10. Bxc4 O-O 11. d5 Bg4 12. Bf4 cxd5 13. Nxd5 Nxd5 14. Bxd5 Nc6 15. Bxc6 bxc6 16. Qxd8 Rfxd8 $11 17. Rac1 Bxf3 18. gxf3 c5 19. Rc2 Rd5 20. Rfc1 Rad8 21. Kf1 Rd1+ 22. Rxd1 Rxd1+ 23. Ke2 Rd7 24. Be3 Rb7 25. b3 a5 26. Rc4 f6 27. Ra4 Bd8 28. Bxc5 Rb5 29. Be3 Kf7 30. Rc4 Ke6 31. Rc5 Rxc5 32. Bxc5 Kd5 33. Be3 g5 34. h3 f5 35. Kd3 h5 36. Ba7 g4 37. fxg4 fxg4 38. hxg4 hxg4 39. Bd4 Bc7 40. Bc3 Bb6 41. Be1 a4 42. bxa4 Bxf2 43. Bxf2 Kc6 44. Ke4 Kb7 45. Kf4 g3 46. Kxg3 Ka8 47. Kf4 Kb7 48. Ke5 Ka8 49. Kd6 Kb7 50. Bg3 Ka8 51. Kc7 Ka7 52. Kc8 Ka8 53. a5 Ka7 54. a6 Ka8 55. Bf2 1/2-1/2

[Event "Polish Youth 1st League 2022"]
[Site "Lublin"]
[Date "2022.07.01"]
[Round "7.3"]
[White "Duda, Szymon"]
[Black "Grot, Blazej"]
[Result "0-1"]
[ECO "E06"]
[WhiteElo "1707"]
[BlackElo "1819"]
[Annotator "NA RC"]
[PlyCount "88"]
[EventDate "2022.06.24"]
[EventType "team-tourn"]
[EventCountry "POL"]
[SourceTitle "playchess.com"]
[Source "ChessBase"]
[SourceQuality "1"]
[TimeControl "40/5400+30:1800+30"]

1. d4 Nf6 2. c4 e6 3. Nf3 d5 4. g3 Be7 5. Bg2 O-O 6. O-O c6 7. Qc2 b6 8. Nbd2 Bb7 9. b3 Nbd7 10. Bb2 Rc8 11. e4 c5 12. e5 Ne8 13. dxc5 Nxc5 14. Rfd1 Nc7 15. b4 Nd7 16. Qb3 dxc4 17. Nxc4 Bd5 18. Nd4 Bxg2 19. Kxg2 Nd5 20. a3 Qc7 {[%emt 0:02:14] [#]} 21. Rac1 $15 (21. Nf5 $1 $11) 21... Qb7 22. Qf3 Rxc4 23. Nf5 Rxc1 24. Nxe7+ Nxe7 25. Qxb7 Rxd1 26. a4 Rc8 27. b5 Rc2 28. Ba3 Nc8 29. Bd6 Nf8 30. Bb4 Rd4 31. Bd6 Rdd2 32. h4 Rxf2+ 33. Kh3 h5 34. g4 Rh2+ 35. Kg3 Rhg2+ 36. Kf3 hxg4+ 37. Kf4 Ng6+ 38. Kg5 Nxd6 39. Qb8+ Nc8 40. h5 Nxe5 41. h6 Nf3+ 42. Kf4 g5+ 43. Ke3 Rge2+ 44. Kd3 Rcd2+ 0-1

[Event "Polish Youth 1st League 2022"]
[Site "Lublin"]
[Date "2022.07.01"]
[Round "7.4"]
[White "Rozanski, Mateusz"]
[Black "Wajda, Krzysztof"]
[Result "0-1"]
[ECO "C47"]
[WhiteElo "1720"]
[BlackElo "1494"]
[Annotator "NA RC"]
[PlyCount "70"]
[EventDate "2022.06.24"]
[EventType "team-tourn"]
[EventCountry "POL"]
[SourceTitle "playchess.com"]
[Source "ChessBase"]
[SourceQuality "1"]
[TimeControl "40/5400+30:1800+30"]

1. e4 e5 2. Nf3 Nc6 3. Nc3 Nf6 4. a3 Bc5 5. Nxe5 Nxe5 6. d4 Bxd4 7. Qxd4 d6 8. Bg5 Nc6 9. Bb5 Bd7 10. Bxc6 Bxc6 11. O-O h6 12. Bh4 g5 13. Bg3 O-O 14. f4 Nh5 15. fxg5 Qxg5 16. Rf3 f5 17. Qc4+ Kh8 18. Bf2 fxe4 19. Nxe4 Qg6 20. Rxf8+ Rxf8 21. Ng3 Nf4 22. Bd4+ Kh7 23. Rf1 h5 24. Re1 Rf7 25. Be3 Nxg2 26. Re2 Nxe3 27. Rxe3 Qf6 28. Qe2 Bf3 29. Qd3+ Kg7 30. h3 h4 31. Re8 hxg3 32. Qe3 Bh5 33. Qxg3+ Qg6 34. Qxg6+ Bxg6 35. c3 Rf1+ 0-1

[Event "Polish Youth 1st League 2022"]
[Site "Lublin"]
[Date "2022.07.01"]
[Round "7.5"]
[White "Czarnecka, Lidia"]
[Black "Krzyzosiak, Marta"]
[Result "1/2-1/2"]
[ECO "B81"]
[WhiteElo "1940"]
[BlackElo "1666"]
[Annotator "RC"]
[PlyCount "120"]
[EventDate "2022.06.24"]
[EventType "team-tourn"]
[EventCountry "POL"]
[SourceTitle "playchess.com"]
[Source "ChessBase"]
[SourceQuality "1"]
[TimeControl "40/5400+30:1800+30"]

1. e4 c5 2. Nf3 e6 3. d4 cxd4 4. Nxd4 Nf6 5. Nc3 d6 6. g4 e5 7. Nf5 h5 8. g5 Nxe4 9. Nxg7+ Bxg7 10. Nxe4 d5 11. Ng3 Nc6 12. Bg2 Nd4 13. c3 h4 14. cxd4 hxg3 15. fxg3 e4 16. Be3 Qb6 17. Qd2 Bd7 18. O-O Rc8 19. Rac1 O-O 20. b3 a5 21. Rfd1 a4 22. b4 Bg4 23. Re1 Bd7 24. Rc5 Rxc5 25. bxc5 Qe6 26. Qb4 Bc6 27. Bf1 f6 28. gxf6 Rxf6 29. Be2 Qh3 30. Rf1 Rg6 31. Bf4 Bh6 32. Qd2 Bg7 33. Qe3 Bd7 34. Rb1 Bc6 35. Bf1 Qf5 36. Rd1 Qg4 37. Be2 Qh3 38. Rf1 Bd7 39. a3 Bc6 40. Kh1 Bd7 41. Rb1 Bc6 42. g4 Qh8 43. Rd1 Bd7 44. g5 b6 45. Bd6 bxc5 46. Bxc5 Qh4 47. Rg1 Rc6 48. Bb4 Qh8 49. Rd1 Rc2 50. Bc5 Bg4 51. Rd2 Rxd2 52. Qxd2 Bxe2 53. Qxe2 Bxd4 54. Bd6 Qh4 55. Be7 Qf4 56. Kg2 Qe3 57. Qg4 Qf2+ 58. Kh3 Qf1+ 59. Kh4 Qf2+ 60. Kh3 Qf1+ 1/2-1/2

[Event "Polish Youth 1st League 2022"]
[Site "Lublin"]
[Date "2022.07.01"]
[Round "7.6"]
[White "Wieczorek, Maja"]
[Black "Slusarczyk, Anna"]
[Result "1-0"]
[ECO "B28"]
[WhiteElo "1316"]
[BlackElo "1544"]
[Annotator "NA RC"]
[PlyCount "111"]
[EventDate "2022.06.24"]
[EventType "team-tourn"]
[EventCountry "POL"]
[SourceTitle "playchess.com"]
[Source "ChessBase"]
[SourceQuality "1"]
[TimeControl "40/5400+30:1800+30"]

1. e4 c5 2. Nf3 a6 3. b3 e6 4. Bb2 d6 5. Bd3 Nf6 6. e5 Nd5 7. exd6 Nc6 8. O-O Nf6 9. a3 Bxd6 10. Re1 Qc7 11. h3 b6 12. Ng5 Ne5 13. Ne4 Nxd3 14. cxd3 Bb7 15. Qe2 Ke7 16. Qf3 Be5 17. Bxe5 Qxe5 18. Nbc3 Rad8 19. Rad1 Qd4 20. Qg3 Qxd3 21. Re3 Qd4 22. Nxf6 gxf6 23. Qc7+ Rd7 24. Qxb6 Rg8 25. g3 f5 26. Ne2 Qd5 27. f3 f4 28. Nxf4 Rxg3+ 29. Kh2 Qg5 30. Nxe6 fxe6 31. Qxe6+ Kd8 32. Qb6+ Rc7 33. Qd6+ Rd7 34. Qxg3 Qf6 35. Rde1 Kc8 36. Re8+ Rd8 37. Qg4+ Kb8 38. Rxd8+ Qxd8 39. Qf4+ Ka7 40. Re2 Qd5 41. Re8 Qxb3 42. Qb8+ Kb6 43. Qd6+ Kb5 44. Re3 Qc4 45. Qd3 Qxd3 46. Rxd3 Bc8 47. Rc3 Bf5 48. Kg3 c4 49. h4 Bd3 50. Kf4 Kc6 51. Ke5 Kd7 52. f4 Ke7 53. f5 Kf7 54. f6 h5 55. Rxd3 cxd3 56. Kf5 1-0

[Event "Polish Youth 1st League 2022"]
[Site "Lublin"]
[Date "2022.07.01"]
[Round "7.7"]
[White "Panek, Bartosz"]
[Black "Jedraszek, Pawel"]
[Result "1/2-1/2"]
[ECO "A05"]
[WhiteElo "2022"]
[BlackElo "1933"]
[Annotator "NA RC"]
[PlyCount "101"]
[EventDate "2022.06.24"]
[EventType "team-tourn"]
[EventCountry "POL"]
[SourceTitle "playchess.com"]
[Source "ChessBase"]
[SourceQuality "1"]
[TimeControl "40/5400+30:1800+30"]

1. Nf3 Nf6 2. g3 g6 3. Bg2 Bg7 4. O-O O-O 5. d4 d6 6. Re1 Nbd7 7. e4 e5 8. a4 Re8 9. d5 Nc5 10. Nfd2 a5 11. Nc4 b6 12. c3 Bd7 13. b3 Qe7 14. Nb2 Ng4 15. f3 Nh6 16. b4 Nb7 17. Be3 f5 18. Qd2 Nf7 19. Na3 f4 20. gxf4 exf4 21. Bxf4 Qf6 22. Nac4 Qxc3 23. b5 Nc5 24. Ra3 Qf6 25. Be3 Rad8 26. Kh1 Qh4 27. Bf2 Qh5 28. Nd3 Bc8 29. Nxc5 dxc5 30. Bg3 Re7 31. Rd3 Ne5 32. Nxe5 Bxe5 33. f4 Bg7 (33... Bf6 $142 34. e5 Bh4) 34. d6 cxd6 35. Rxd6 Red7 36. Qa2+ Kh8 37. Rxd7 Bxd7 38. Qf7 Bh3 39. Bxh3 $16 Qxh3 40. Qc7 Rf8 41. Qxb6 Rxf4 42. Qxc5 Rf1+ 43. Rxf1 Qxf1+ 44. Qg1 Qf3+ 45. Qg2 Qd1+ 46. Qg1 Qf3+ 47. Qg2 Qd1+ 48. Qg1 Qf3+ 49. Qg2 Qd1+ 50. Qg1 Qf3+ 51. Qg2 1/2-1/2

[Event "Polish Youth 1st League 2022"]
[Site "Lublin"]
[Date "2022.07.01"]
[Round "7.8"]
[White "Klaska, Szymon"]
[Black "Kubik, Rafal"]
[Result "0-1"]
[ECO "A10"]
[WhiteElo "1563"]
[BlackElo "1827"]
[Annotator "NA RC"]
[PlyCount "88"]
[EventDate "2022.06.24"]
[EventType "team-tourn"]
[EventCountry "POL"]
[SourceTitle "playchess.com"]
[Source "ChessBase"]
[SourceQuality "1"]
[TimeControl "40/5400+30:1800+30"]

1. c4 b6 2. Nc3 Bb7 3. d4 e6 4. Nf3 f5 5. Bf4 Nf6 6. e3 Bb4 7. Bd3 O-O 8. O-O Bxc3 9. bxc3 d6 10. Re1 Nbd7 11. Bg5 Qe8 12. Bxf6 Nxf6 13. Nd2 Ne4 14. Qc2 Nxd2 15. Qxd2 Qg6 16. Bf1 Rf6 (16... Rad8 $15) 17. d5 Kh8 18. Rab1 Qf7 19. Red1 Rf8 20. f4 Re8 21. Rb3 Qe7 22. Re1 Rf7 23. g3 Qf6 24. Bg2 Rfe7 25. Kf2 a5 26. a3 Ba6 27. Bf1 g5 28. Rbb1 Bb7 29. Bg2 h5 30. Qe2 Rh7 31. Qd3 e5 32. e4 $19 (32. Re2 $17 {was called for.}) 32... gxf4 33. exf5 fxg3+ 34. hxg3 Bc8 35. Be4 {[#]} Rf7 $2 (35... Bxf5 $1 $19 36. Bxf5 Rf8) 36. Kg1 Qg5 ({Weaker is} 36... Bxf5 37. Rf1 Bxe4 38. Qxe4 $15) 37. Rf1 Ref8 38. Rb2 Bxf5 39. Rbf2 Bxe4 40. Rxf7 Rxf7 41. Qxe4 Qxg3+ 42. Qg2 Qxg2+ 43. Kxg2 Rxf1 44. Kxf1 Kg7 0-1

[Event "Polish Youth 1st League 2022"]
[Site "Lublin"]
[Date "2022.07.01"]
[Round "7.9"]
[White "Karwot, Marek"]
[Black "Ugorek, Kacper"]
[Result "0-1"]
[ECO "B40"]
[WhiteElo "1454"]
[BlackElo "1696"]
[Annotator "NA RC"]
[PlyCount "112"]
[EventDate "2022.06.24"]
[EventType "team-tourn"]
[EventCountry "POL"]
[SourceTitle "playchess.com"]
[Source "ChessBase"]
[SourceQuality "1"]
[TimeControl "40/5400+30:1800+30"]

1. e4 c5 2. Nf3 e6 3. g3 Nc6 4. Bg2 Nf6 5. Nc3 Be7 6. O-O e5 7. d3 O-O 8. h3 d6 9. Kh2 h6 10. Ng1 Nd4 11. Nge2 Bd7 12. f4 b5 13. Nxd4 cxd4 14. Ne2 Ne8 15. f5 Bg5 16. h4 Bxc1 17. Rxc1 Rc8 18. Qe1 Nf6 19. Bf3 d5 20. g4 dxe4 21. dxe4 Nh7 22. Qg3 Qe7 23. Rg1 f6 24. Rgd1 b4 25. c3 bxc3 26. bxc3 Ba4 27. Rd2 dxc3 28. Rxc3 Qb4 29. Bg2 Rfd8 30. Rd5 Qe7 31. Qd3 Be8 32. Rxc8 Rxc8 33. Nc3 Bf7 34. Ra5 Qb4 35. Nd5 Qxa5 36. Ne7+ Kh8 37. Nxc8 Qc7 38. Qa6 Bc4 39. Qa4 Qxc8 40. Qxa7 Nf8 41. Qe7 Bxa2 42. g5 hxg5 43. hxg5 Nh7 44. gxf6 Nxf6 45. Bf3 Qc3 46. Kg2 Bc4 47. Qd8+ Kh7 48. Qd1 Qe3 49. Qh1+ Qh6 50. Qa1 Qg5+ 51. Kf2 Qd2+ 52. Kg3 Qf4+ 53. Kg2 Nxe4 54. Bxe4 Qxe4+ 55. Kg3 Qf4+ 56. Kg2 Bd5+ 0-1

[Event "Polish Youth 1st League 2022"]
[Site "Lublin"]
[Date "2022.07.01"]
[Round "7.10"]
[White "Dobosiewicz, Dawid"]
[Black "Niesporek, Franciszek"]
[Result "0-1"]
[ECO "B50"]
[WhiteElo "1795"]
[BlackElo "1332"]
[Annotator "NA RC"]
[PlyCount "144"]
[EventDate "2022.06.24"]
[EventType "team-tourn"]
[EventCountry "POL"]
[SourceTitle "playchess.com"]
[Source "ChessBase"]
[SourceQuality "1"]
[TimeControl "40/5400+30:1800+30"]

1. e4 c5 2. Nf3 d6 3. c3 Nf6 4. h3 Nc6 5. Bd3 e5 6. O-O g5 7. Nh2 h5 8. g4 hxg4 9. hxg4 Be6 10. f3 Qd7 11. c4 Be7 12. Nc3 O-O-O 13. Nd5 Rh4 14. Rf2 Rdh8 15. a3 Nd4 16. Nxf6 Bxf6 17. b4 Bd8 18. b5 f6 19. Rg2 Qh7 20. Nf1 Rh3 21. Kf2 Rxf3+ 22. Qxf3 Nxf3 23. Kxf3 Qh3+ 24. Rg3 Bxg4+ 25. Kf2 Qh4 26. Bb2 Bh3 27. Bc3 Be6 28. Ne3 Qh2+ 29. Rg2 Qf4+ 30. Kg1 Qh4 31. Nf1 Bh3 32. Rh2 Qg4+ 33. Kf2 Qf4+ 34. Kg1 g4 35. Rf2 Qg5 36. Ng3 Be7 37. Rf5 Qh4 38. Kf2 Bg2 39. Rg1 Bf3 40. Rxf3 gxf3 41. Rh1 Qxh1 42. Nxh1 Rxh1 43. Kxf3 Rh3+ 44. Ke2 Bf8 45. Bc2 Bh6 46. Ba4 Rh2+ 47. Kd3 b6 48. Bd1 Bf4 49. Bg4+ Kc7 50. Be6 Bg3 51. a4 Bf2 52. a5 Bd4 53. a6 Bxc3 54. Kxc3 Kd8 55. Kd3 Ke7 56. Bf5 Kf7 57. Ke3 Kg7 58. d3 Kh6 59. Kf3 Kg5 60. Be6 Rh4 61. Bd7 Rf4+ 62. Ke3 Kh4 63. Be8 Kg4 64. Ke2 Kg3 65. Bh5 Rh4 66. Bf7 Kf4 67. Kd2 Rh2+ 68. Kc3 Ke3 69. Bg6 Rd2 70. Kb3 Rxd3+ 71. Ka4 Rd4 72. Kb3 Rxe4 0-1

[Event "Polish Youth 1st League 2022"]
[Site "Lublin"]
[Date "2022.07.01"]
[Round "7.11"]
[White "Bugaj, Hanna"]
[Black "Barwinska, Ewa"]
[Result "0-1"]
[ECO "B22"]
[WhiteElo "1779"]
[BlackElo "1825"]
[Annotator "NA RC"]
[PlyCount "76"]
[EventDate "2022.06.24"]
[EventType "team-tourn"]
[EventCountry "POL"]
[SourceTitle "playchess.com"]
[Source "ChessBase"]
[SourceQuality "1"]
[TimeControl "40/5400+30:1800+30"]

1. e4 c5 2. c3 Nf6 3. e5 Nd5 4. Nf3 Nc6 5. Bc4 Nb6 6. Bb3 c4 7. Bc2 d6 8. exd6 Qxd6 9. O-O Bg4 10. h3 Bh5 11. b3 e6 ({Black should try} 11... Qd5 $11 12. bxc4 Nxc4) 12. Na3 cxb3 (12... Ne5 $5 13. Nxc4 Nxf3+ 14. Qxf3 Bxf3 15. Nxd6+ Bxd6 16. gxf3 Nd5 $14) 13. axb3 Be7 14. d4 O-O 15. Re1 Nd5 16. Bd2 a6 17. g4 Bg6 18. Nc4 Qc7 19. Bxg6 hxg6 20. Re4 $11 (20. Qe2 $142) 20... b5 21. Nb2 Rfd8 22. Nd3 Nf6 23. Re1 b4 24. Rc1 bxc3 25. Bxc3 Qb6 26. Nde5 Nxe5 27. Nxe5 Nd5 28. Qf3 (28. Bd2 $1 $15) 28... Bf6 29. Ba1 Bxe5 30. dxe5 Rab8 31. Rb1 g5 32. Bc3 Nf4 33. Re3 Rd7 34. Ra1 Qxb3 35. Rxa6 Qd1+ 36. Qxd1 Rxd1+ 37. Re1 Ne2+ 38. Kh2 Nxc3 0-1

[Event "Polish Youth 1st League 2022"]
[Site "Lublin"]
[Date "2022.07.01"]
[Round "7.12"]
[White "Matuszewska, Kinga"]
[Black "Sprzeczka, Emilia"]
[Result "0-1"]
[ECO "B50"]
[WhiteElo "1085"]
[BlackElo "1692"]
[Annotator "NA RC"]
[PlyCount "72"]
[EventDate "2022.06.24"]
[EventType "team-tourn"]
[EventCountry "POL"]
[SourceTitle "playchess.com"]
[Source "ChessBase"]
[SourceQuality "1"]
[TimeControl "40/5400+30:1800+30"]

1. e4 c5 2. Nf3 d6 3. c3 Nf6 4. Bd3 Bg4 5. O-O Nc6 6. Bc2 e5 7. d3 Be7 8. Be3 O-O 9. Nbd2 d5 10. exd5 Nxd5 11. h3 Bh5 12. g4 Bg6 13. d4 exd4 14. cxd4 Bxc2 15. Qxc2 cxd4 16. Nxd4 Nxe3 17. fxe3 Nxd4 18. exd4 Qxd4+ 19. Kg2 Rac8 20. Qd1 Rfd8 21. Rf2 Bh4 22. Re2 Qf4 23. Qf1 Qg3+ 24. Kh1 Rd3 25. Nc4 Qxh3+ 26. Qxh3 Rxh3+ 27. Kg2 Rg3+ 28. Kh2 h6 29. Re4 Rd3 30. b3 b5 31. Ne3 Rcc3 32. Nf1 Rc2+ 33. Kg1 Bf2+ 34. Kh1 Bb6 35. Rae1 Rh3+ 36. Nh2 Rcxh2# 0-1

[Event "Polish Youth 1st League 2022"]
[Site "Lublin"]
[Date "2022.07.01"]
[Round "7.13"]
[White "Wieczorek, Mikolaj"]
[Black "Kania, Dominik"]
[Result "0-1"]
[ECO "B07"]
[WhiteElo "1942"]
[BlackElo "1872"]
[Annotator "RC"]
[PlyCount "98"]
[EventDate "2022.06.24"]
[EventType "team-tourn"]
[EventCountry "POL"]
[SourceTitle "playchess.com"]
[Source "ChessBase"]
[SourceQuality "1"]
[TimeControl "40/5400+30:1800+30"]

1. d4 d6 2. e4 Nf6 3. Nc3 e5 4. dxe5 dxe5 5. Qxd8+ Kxd8 6. Bc4 Be6 7. Bxe6 fxe6 8. f3 Bc5 9. Nh3 Nc6 10. Bd2 a6 11. O-O-O Ke7 12. Rhe1 b5 13. Be3 Bxe3+ 14. Rxe3 Rad8 15. Nf2 Nd4 16. Nd3 Nd7 17. Ne2 c5 18. b3 g5 19. Nb2 h5 20. c3 Nc6 21. Red3 Nf6 22. Rxd8 Rxd8 23. Rxd8 Nxd8 24. Nd3 Kd6 25. Kd2 c4 26. Nb2 Kc5 27. Ke3 a5 28. g3 Nf7 29. Ng1 g4 30. f4 exf4+ 31. gxf4 Nd6 32. Ne2 cxb3 33. axb3 Nfxe4 34. Nd3+ Kd5 35. Nb2 Nf5+ 36. Kd3 Nc5+ 37. Kc2 Ne3+ 38. Kd2 Nf1+ 39. Ke1 Nxh2 40. b4 axb4 41. cxb4 Ne4 42. f5 exf5 43. Nf4+ Kd4 44. Nxh5 Ke3 45. Nd1+ Kf3 46. Ng7 f4 47. Nf5 g3 48. Nd4+ Kg2 49. Ne2 Nf3# 0-1

[Event "Polish Youth 1st League 2022"]
[Site "Lublin"]
[Date "2022.07.01"]
[Round "7.14"]
[White "Lysakowski, Piotr"]
[Black "Bednarczyk, Mateusz"]
[Result "1-0"]
[ECO "E81"]
[WhiteElo "1542"]
[BlackElo "1701"]
[Annotator "NA RC"]
[PlyCount "128"]
[EventDate "2022.06.24"]
[EventType "team-tourn"]
[EventCountry "POL"]
[SourceTitle "playchess.com"]
[Source "ChessBase"]
[SourceQuality "1"]
[TimeControl "40/5400+30:1800+30"]

1. d4 Nf6 2. c4 g6 3. Nc3 Bg7 4. e4 d6 5. f3 O-O 6. Be3 Nbd7 7. Qd2 c5 8. Nge2 a6 9. dxc5 dxc5 10. Rd1 Qc7 11. Nf4 e6 12. Nd3 b5 13. cxb5 axb5 14. Nxb5 Qc6 15. Na3 Ba6 16. Rc1 Bxd3 17. Bxd3 Rfd8 18. Qc2 Ne5 19. Be2 Ned7 20. O-O Rdc8 21. Rfd1 Qb7 22. Nb5 Ne8 23. a4 Nb6 24. b3 c4 25. Bxc4 Rxa4 26. bxa4 Rxc4 27. Qf2 Rxc1 28. Rxc1 Nxa4 29. Nd4 Nd6 30. Ne2 Nb2 31. Rf1 Nd3 32. Qh4 Qc8 33. Qg3 Be5 34. Qh4 Bg7 35. Nc1 Nc5 36. Rd1 Ncb7 37. Kh1 Qc2 38. Qe1 Nc4 39. Bf2 Bc3 40. Qe2 Qa4 41. Nd3 Ne5 42. Nc5 Nxc5 43. Bxc5 Qa5 44. Bd4 Bxd4 45. Rxd4 Nc6 46. Rd1 e5 47. Qd2 Qa4 48. h3 Nd4 49. f4 Ne6 50. f5 Nd4 51. Rf1 Qb5 52. Qf2 g5 53. Ra1 Qb7 54. Qg3 h6 55. Qxe5 Ne2 56. f6 Qxe4 57. Qb8+ Kh7 58. Qf8 Kg6 59. Qg7+ Kh5 60. Qxf7+ Kh4 61. Qb3 Ng3+ 62. Kh2 Qf4 63. Qf3 Nf1+ 64. Kg1 Qd4+ 1-0

[Event "Polish Youth 1st League 2022"]
[Site "Lublin"]
[Date "2022.07.01"]
[Round "7.15"]
[White "Nagly, Wojciech"]
[Black "Musial, Igor"]
[Result "0-1"]
[ECO "A48"]
[WhiteElo "1464"]
[BlackElo "1699"]
[Annotator "NA RC"]
[PlyCount "82"]
[EventDate "2022.06.24"]
[EventType "team-tourn"]
[EventCountry "POL"]
[SourceTitle "playchess.com"]
[Source "ChessBase"]
[SourceQuality "1"]
[TimeControl "40/5400+30:1800+30"]

1. d4 Nf6 2. Nf3 g6 3. e3 Bg7 4. Be2 O-O 5. O-O d6 6. c4 Nbd7 7. Nc3 e5 8. Qc2 Re8 9. b3 e4 10. Nd2 Qe7 11. b4 Nf8 12. a4 h5 13. b5 h4 14. Ba3 c6 15. Na2 h3 16. g3 Bg4 17. Bxg4 Nxg4 18. bxc6 bxc6 19. Rab1 Nh7 20. Nb4 Qd7 21. Nxe4 a5 22. Na2 Qf5 23. f3 Nxe3 24. Qb3 Nxf1 25. Nxd6 Nd2 26. Nxf5 Nxb3 27. Nxg7 Re2 28. Rxb3 Rxa2 29. Bb2 Kxg7 30. d5+ Kg8 31. dxc6 Rc8 32. Rb6 Rxa4 33. c5 Rc4 34. Ba3 Rc3 35. c7 Rxc7 36. Rb8+ Nf8 37. Bb2 R3xc5 38. Ba3 Rc8 39. Rb6 Rc2 40. Rb5 Ra2 41. Rxa5 Rb8 0-1

[Event "Polish Youth 1st League 2022"]
[Site "Lublin"]
[Date "2022.07.01"]
[Round "7.16"]
[White "Rozek, Michal"]
[Black "Gibala, Adam"]
[Result "1-0"]
[ECO "B31"]
[WhiteElo "1533"]
[BlackElo "1516"]
[Annotator "NA RC"]
[PlyCount "85"]
[EventDate "2022.06.24"]
[EventType "team-tourn"]
[EventCountry "POL"]
[SourceTitle "playchess.com"]
[Source "ChessBase"]
[SourceQuality "1"]
[TimeControl "40/5400+30:1800+30"]

1. e4 c5 2. Nf3 Nc6 3. Bb5 g6 4. Bxc6 dxc6 5. d3 Bg7 6. h3 e5 7. Be3 Qe7 8. Qd2 Nf6 9. Nc3 O-O 10. Bh6 Re8 11. Bxg7 Kxg7 12. g4 b5 13. Nh2 Nd7 14. g5 Nf8 15. h4 Ne6 16. O-O-O b4 17. Na4 Nf4 18. f3 Be6 19. b3 Qd6 20. Kb1 Rad8 21. Qe1 Qd4 22. Ng4 Bxg4 23. fxg4 Rd7 24. h5 Red8 25. Qh4 Kg8 26. Rdf1 c4 27. bxc4 a5 28. Qf2 Qxf2 29. Rxf2 Ne6 30. Kb2 Kg7 31. h6+ Kg8 32. Rf6 Rc7 33. Rhf1 Rb8 34. R1f2 Rd8 35. Rd2 Rd6 36. Nc5 Re7 37. Rdf2 Rd8 38. Nxe6 fxe6 39. Kb3 c5 40. Ka4 Rb8 41. Rf1 Ree8 42. Rf7 Ra8 43. Rg7+ 1-0

[Event "Polish Youth 1st League 2022"]
[Site "Lublin"]
[Date "2022.07.01"]
[Round "7.17"]
[White "Starosta, Martyna"]
[Black "Mroz, Lena"]
[Result "1-0"]
[ECO "A03"]
[WhiteElo "1918"]
[BlackElo "1719"]
[Annotator "NA RC"]
[PlyCount "65"]
[EventDate "2022.06.24"]
[EventType "team-tourn"]
[EventCountry "POL"]
[SourceTitle "playchess.com"]
[Source "ChessBase"]
[SourceQuality "1"]
[TimeControl "40/5400+30:1800+30"]

1. f4 d5 2. b3 c5 3. Nf3 Nf6 4. Bb2 e6 5. e3 Bd6 6. Bb5+ Bd7 7. a4 a6 8. Bxd7+ Nbxd7 9. O-O O-O 10. Qe1 Re8 11. Qg3 Qc7 12. Qh3 e5 13. g4 (13. fxe5 $1 $11 Nxe5 14. Nh4) 13... Re7 14. g5 Ne8 15. Nc3 Qc6 16. f5 f6 17. d3 (17. g6 $5 Nf8 18. d3 $11) 17... Nc7 18. Rae1 b5 19. axb5 axb5 20. e4 {[%emt 0:00:33] [#]} d4 ({Better is} 20... c4 $1 $17 21. Re2 (21. g6 h6 $17) 21... Qc5+ 22. Kh1 d4) 21. Nd5 $17 (21. Nd1 $11 {remains equal.}) 21... Nxd5 22. exd5 Qxd5 23. Re4 fxg5 24. Nxg5 Nf6 25. Rh4 h6 26. Ne4 Rf7 27. Qg2 Nxe4 28. dxe4 Qb7 29. Rxh6 Bf8 30. Qg6 Rc7 31. f6 Bd6 32. Qh7+ Kf8 33. fxg7+ 1-0

[Event "Polish Youth 1st League 2022"]
[Site "Lublin"]
[Date "2022.07.01"]
[Round "7.18"]
[White "Lajdamik, Kinga"]
[Black "Kulczycka, Zofia"]
[Result "1/2-1/2"]
[ECO "B00"]
[WhiteElo "1308"]
[BlackElo "1564"]
[Annotator "NA RC"]
[PlyCount "97"]
[EventDate "2022.06.24"]
[EventType "team-tourn"]
[EventCountry "POL"]
[SourceTitle "playchess.com"]
[Source "ChessBase"]
[SourceQuality "1"]
[TimeControl "40/5400+30:1800+30"]

1. e4 d6 2. d4 Nf6 3. Bd3 c6 4. c4 e5 5. dxe5 dxe5 6. Ne2 Nbd7 7. Be3 Nc5 8. Bxc5 Bxc5 9. O-O O-O 10. Nbc3 Bg4 11. Qc2 Bxe2 12. Nxe2 Qe7 13. Ng3 g6 14. Kh1 Rfd8 15. Rad1 h5 16. h3 Rd7 17. a3 a5 18. Ne2 Rad8 19. Nc3 h4 20. Qe2 Nh5 21. Qc2 Nf4 22. Be2 Qg5 23. Bf3 Rd4 24. b3 Bxa3 25. Ne2 Nxe2 26. Qxe2 Rd2 27. Rxd2 Rxd2 28. Qe1 Bb4 29. Qc1 Qf4 30. Qb1 Bc5 31. Qe1 Rb2 32. Qxa5 Rxf2 33. Rxf2 Qc1+ 34. Kh2 Bxf2 35. Qd8+ Kg7 36. Qd1 Qf4+ 37. Kh1 Bd4 38. Qe1 f5 39. b4 Be3 40. Qb1 Bd4 41. b5 cxb5 42. cxb5 Qd2 43. exf5 gxf5 44. Bxb7 e4 45. b6 Qe3 46. Bc8 Bxb6 47. Bxf5 Qd4 48. Bxe4 Qe3 49. Bf3 1/2-1/2

[Event "Polish Youth 1st League 2022"]
[Site "Lublin"]
[Date "2022.07.01"]
[Round "7.19"]
[White "Wojdak, Jan"]
[Black "Suder, Jakub"]
[Result "0-1"]
[ECO "B40"]
[WhiteElo "2144"]
[BlackElo "2306"]
[Annotator "TA"]
[PlyCount "74"]
[EventDate "2022.06.24"]
[EventType "team-tourn"]
[EventCountry "POL"]
[SourceTitle "playchess.com"]
[Source "ChessBase"]
[SourceQuality "1"]
[TimeControl "40/5400+30:1800+30"]

1. e4 c5 2. Nf3 e6 3. Qe2 Nc6 4. g3 Nf6 5. Bg2 Be7 6. e5 {[%emt 0:00:08] C00: French: Unusual White 2nd moves.} Nd5 7. Nc3 O-O 8. O-O {[%emt 0:03:20] The position is equal.} d6 9. exd6 Qxd6 10. d3 Nxc3 11. bxc3 Bf6 12. Bb2 {[%emt 0:00:28] [#]} Bd7 $146 ({Predecessor:} 12... b6 13. Nd2 Qc7 14. Ne4 Be7 15. Rfe1 Bb7 16. Nd2 {½-½ (16) Almeida,R-Camper,D (2354) IECC email 2002}) 13. Nd2 Qc7 14. Ne4 Be7 15. Rfe1 Rac8 16. Qe3 b6 17. c4 Rfd8 18. h4 Nd4 19. Rac1 Ba4 20. Qd2 Bc6 21. c3 Nf5 22. Qe2 Nd6 23. Rcd1 Nxe4 24. Bxe4 Bf6 25. Qc2 Qd7 26. Bxc6 Rxc6 ({And not} 26... Qxc6 27. Bc1 $15) 27. Re3 Rd6 28. Qe2 Qa4 29. Ba1 h6 30. Rd2 a6 {[%emt 0:02:21] Black is more active.} 31. Qh5 Qa3 32. Bb2 (32. Qd1 $17) 32... Qxa2 $19 33. Qd1 b5 34. Rf3 $2 {[%emt 0:00:55] [#]} (34. cxb5 axb5 35. Re4) 34... bxc4 35. Rxf6 (35. d4 $142) 35... gxf6 {[%emt 0:00:48] Black is clearly winning.} 36. Bc1 Qa1 37. Ra2 Qb1 {[%emt 0:04:53] Weighted Error Value: White=0.49/Black=0.13 (very precise)} (37... Qxa2 $142 38. Bxh6 Kh7) 0-1